 Dungeon Crawl Stone Soup version 0.27-a0-1191-g601b473118 (webtiles) character file.

Game seed: 16321509888871825849

2515 bande the Shield-Bearer (level 9, -5/54 HPs)
             Began as a Gargoyle Fighter on May 24, 2021.
             Slain by Joseph
             ... wielding a +0 quarterstaff
              (11 damage)
             ... on level 7 of the Dungeon.
             The game lasted 00:14:07 (7444 turns).

bande the Shield-Bearer (Gargoyle Fighter)          Turns: 7444, Time: 00:14:08

Health: -5/54      AC: 14    Str: 22    XL:     9   Next: 54%
Magic:  9/9        EV:  9    Int:  9    God:
Gold:   69         SH: 12    Dex: 16    Spells: 8/8 levels left

rFire    . . .     SeeInvis .   a - +1 war axe
rCold    . . .     Faith    .   c - +1 kite shield
rNeg     + + .     Spirit   .   b - +0 scale mail
rPois    ∞         Reflect  .   (no helmet)
rElec    +         Harm     .   (no cloak)
rCorr    .         Rampage  .   (no gloves)
Will     .....                  (no boots)
Stlth    ..........             (no amulet)
HPRegen  0.18/turn              d - +6 ring of dexterity
MPRegen  0.11/turn              s - ring of positive energy

@: no status effects
A: sickness immunity, AC +6, negative energy resistance 1, electricity
resistance, torment resistance 1, petrification resistance
a: no special abilities


You were on level 7 of the Dungeon.
You visited 1 branch of the dungeon, and saw 7 of its levels.

You collected 249 gold pieces.
You spent 180 gold pieces at shops.

Inventory:

Hand Weapons
 a - a +1 war axe (weapon)
Missiles
 i - a throwing net (quivered)
Armour
 b - a +0 scale mail (worn)
 c - a +1 kite shield (worn)
Jewellery
 d - a +6 ring of dexterity (left hand)
 s - a ring of positive energy (right hand)
Wands
 p - a wand of polymorph (13)
 q - a wand of iceblast (7)
Scrolls
 e - a scroll of blinking
 j - 2 scrolls of identify
 k - a scroll of enchant armour
 n - a scroll of summoning
Potions
 f - a potion of brilliance
 g - 2 potions of haste
 h - 3 potions of heal wounds
 l - 2 potions of might
 m - a potion of flight
 o - a potion of magic
 r - a potion of attraction


   Skills:
 + Level 5.6 Fighting
 + Level 7.0 Axes
 + Level 7.0 Armour
 + Level 2.8 Dodging
 + Level 7.1 Shields
 * Level 2.0 Evocations


You had 8 spell levels left.
You didn't know any spells.
Your spell library contained the following spells:

 Spells                   Type           Power      Damage    Failure   Level
 Animate Skeleton         Necr           0%         N/A       95%         1
 Apportation              Tloc           0%         N/A       95%         1
 Corona                   Hex            0%         N/A       95%         1
 Summon Small Mammal      Summ           0%         N/A       95%         1


Dungeon Overview and Level Annotations

Branches:
Dungeon (7/15)
 Temple: D:4-7

Altars:
Gozag
Trog
Uskayaw
The Shining One

Shops:
D:5 !

Annotations:
D:2 Robin
D:7 Joseph


Innate Abilities, Weirdness & Mutations

You are immune to sickness and miasma.
Your stone body is resilient. (AC +6)
You are immune to poison.
You resist negative energy. (rN+)
You are resistant to electric shocks. (rElec)
You are resistant to unholy torment.
You are immune to petrification.


Message History

Joseph is lightly wounded.
Joseph barely misses you. x2
You closely miss Joseph.
Joseph is lightly wounded.
You block Joseph's attack.
You closely miss Joseph.
Joseph is lightly wounded.
Joseph hits you but does no damage.
You slash Joseph!
Joseph is moderately wounded.
Joseph hits you with a +0 quarterstaff. x2
* * * LOW HITPOINT WARNING * * *
You slash Joseph!
Joseph is heavily wounded.
You block Joseph's attack.
Your shield and scale mail prevent you from hitting Joseph.
Joseph is heavily wounded.
You block Joseph's attack.
You hit Joseph but do no damage.
Joseph is heavily wounded.
Joseph hits you with a +0 quarterstaff.
* * * LOW HITPOINT WARNING * * *
You closely miss Joseph.
Joseph is heavily wounded.
Joseph hits you with a +0 quarterstaff.
* * * LOW HITPOINT WARNING * * *
You block Joseph's attack.
You closely miss Joseph.
Joseph is heavily wounded.
You block Joseph's attack.
You hit Joseph but do no damage.
Joseph is heavily wounded.
You block Joseph's attack.
You barely miss Joseph.
Joseph is heavily wounded.
You block Joseph's attack. Joseph hits you but does no damage.
You hit Joseph.
Joseph is heavily wounded.
Joseph hits you with a +0 quarterstaff!
You die...

#.###.###.#.. ...
#.........#.###.# # #
##.###.#####.?...#.#
####...##.#####..#....##
'.......................
####...##.#.####.#...###
# ##.###.#.# #.# .## #.#
#.#.# #.# # #.# .#..#
#@# #.# # #......@..#
#.# #..###.##.# .# #..
#.# # #.# #.. ###


You could see Joseph.

Vanquished Creatures
  Pikel (D:7)
  A steam dragon (D:6)
  3 black bears
  2 ice beasts (D:5)
  An ogre (D:6)
  A necrophage (D:4)
  A centaur (D:3)
  3 phantoms
  The ghost of Mrcawl the Magician, an amateur SpTm (D:2)
  A bullfrog (D:2)
  4 wights (D:6)
  2 howler monkeys
  3 hounds
  A bullfrog skeleton (D:6)
  2 orc priests
  Jessica (D:2)
  A centaur skeleton (D:7)
  3 iguanas
  Natasha (twice) (D:4)
  3 orc wizards
  A hound skeleton (D:4)
  A howler monkey zombie (D:6)
  9 adders
  A howler monkey skeleton (D:5)
  2 adder zombies (D:4)
  An adder skeleton (D:5)
  11 orcs
  7 bats
  4 endoplasms
  A giant cockroach (D:2)
  11 goblins
  6 hobgoblins
  6 jackals
  3 quokkas
  9 ball pythons
  2 frilled lizards
  6 kobolds
  4 rats
122 creatures vanquished.

Notes
Turn   | Place    | Note
-------+----------+-------------------------------------------
     0 | D:1      | bande the Gargoyle Fighter began the quest for the Orb.
     0 | D:1      | Reached XP level 1. HP: 14/14 MP: 1/1
   188 | D:1      | Reached XP level 2. HP: 19/19 MP: 2/2
   731 | D:2      | Reached XP level 3. HP: 23/23 MP: 3/3
   747 | D:2      | Noticed Robin
  1024 | D:2      | Noticed Jessica
  1036 | D:2      | Killed Jessica
  1037 | D:2      | Reached XP level 4. HP: 28/28 MP: 4/4
  1647 | D:3      | Noticed a centaur
  1655 | D:3      | Killed a centaur
  1656 | D:3      | Reached skill level 1 in Dodging
  1656 | D:3      | Reached XP level 5. HP: 25/33 MP: 5/5
  1668 | D:3      | Found a runed translucent door.
  1746 | D:3      | Noticed a black bear
  1758 | D:3      | Killed a black bear
  1759 | D:3      | Reached XP level 6. HP: 35/38 MP: 6/6
  1830 | D:3      | Found a hide-covered altar of Uskayaw.
  2180 | D:3      | Noticed Mrcawl's ghost (amateur SpTm)
  2204 | D:3      | Found a faded altar of an unknown god.
  2276 | D:3      | Found a runed translucent door.
  2469 | D:2      | Reached skill level 5 in Shields
  2528 | D:2      | Killed Mrcawl's ghost
  2529 | D:2      | Reached XP level 7. HP: 39/43 MP: 7/7
  3801 | D:4      | Reached skill level 5 in Armour
  4145 | D:4      | Noticed Natasha
  4176 | D:4      | Reached skill level 5 in Axes
  4176 | D:4      | Reached XP level 8. HP: 25/48 MP: 8/8
  4181 | D:4      | Killed Natasha
  4505 | D:4      | Noticed Natasha
  4511 | D:4      | Killed Natasha
  4721 | D:5      | Entered Level 5 of the Dungeon
  5151 | D:5      | Found Amnunwuw's Distillery.
  5179 | D:5      | Reached skill level 5 in Fighting
  5368 | D:5      | Bought a potion of heal wounds for 50 gold pieces
  5368 | D:5      | Bought a potion of heal wounds for 50 gold pieces
  5368 | D:5      | Bought a potion of might for 40 gold pieces
  5368 | D:5      | Bought a potion of might for 40 gold pieces
  6385 | D:6      | Reached XP level 9. HP: 30/54 MP: 9/9
  6538 | D:6      | Found a bloodstained altar of Trog.
  6718 | D:6      | Identified the +4 robe of Salvation {MP-9 Int+4}
  6805 | D:6      | Reached skill level 1 in Evocations
  7300 | D:7      | Found an opulent altar of Gozag.
  7303 | D:7      | Found a glowing golden altar of the Shining One.
  7341 | D:7      | Noticed Pikel
  7348 | D:7      | Killed Pikel
  7426 | D:7      | Noticed Joseph
  7444 | D:7      | Slain by Joseph

Illustrated notes

Levels and vault maps discovered:
D:1:      dpeg_arrival_tiny_e, layout_basic, feat_on_display
D:2:      layout_loops_ring, hangedman_abyss_or_decor_stabs, uniq_robin,
          uniq_jessica
D:3:      layout_rooms, nicolae_uskayaw_suspiria,
          ebering_ecumenical_altar_sacrificial, ebering_ghost_sewer_f
D:4:      layout_cave_pools, serial_undead, serial_undead_c, serial_undead_a,
          serial_undead_e, serial_undead_b, uniq_natasha
D:5:      layout_basic, serial_shops, shop
D:6:      layout_basic, lemuel_crystal_altar, lemuel_another_geyser
D:7:      layout_loops_corners, nicolae_overflow_hidden_temple,
          minmay_temple_entry_sparse_star, uniq_pikel, uniq_joseph, uniq_maggie

Skill      XL: |  1  2  3  4  5  6  7  8  9 |
---------------+----------------------------+-----
Axes           | 2 3 4 5 6 7 |  7.0
Shields        | 4 5 6 7 |  7.1
Armour         | 4 5 6 7 |  7.0
Dodging        | 1 2 |  2.8
Fighting       | 4 5 |  5.6
Evocations     | 2 |  2.0

Action                   |  1- 3 |  4- 6 |  7- 9 || total
-------------------------+-------+-------+-------++-------
Melee: War axe           |   107 |   154 |   342 ||   603
  Use: Scroll            |       |     5 |    10 ||    15
       Potion            |       |     2 |     7 ||     9
Armor: Scale mail        |    72 |   145 |   189 ||   406
Dodge: Dodged            |    48 |    89 |   127 ||   264
Block: Kite shield       |    84 |   109 |   238 ||   431

Table legend: (Time is in decaauts)
 A = Elapsed time spent in this place.
 B = Non-inter-level travel time spent in this place.
 C = Inter-level travel time spent in this place.
 D = Time resting spent in this place.
 E = Time spent auto-exploring this place.
 F = Levels seen in this place.
 G = Mean time per level.
                   A        B        C        D        E       F      G
               +--------+--------+--------+--------+--------+-----+--------+
         Total |   7766 |   7724 |     42 |   2946 |   3097 |   7 | 1109.4 |
       Dungeon |   7766 |   7724 |     42 |   2946 |   3097 |   7 | 1109.4 |
               +--------+--------+--------+--------+--------+-----+--------+

Top non-repeatable levels by time:
     D:3: 2205 daAuts
     D:6: 1424 daAuts
     D:2: 1146 daAuts
     D:5: 1131 daAuts
     D:4: 1028 daAuts
     D:1: 591 daAuts
     D:7: 238 daAuts
